 Dungeon Crawl Stone Soup version 0.20.0-1-g1cb1d84 (webtiles) character file.

167 welfe the Shield-Bearer (level 5, -9/47 HPs)
             Began as a Hill Orc Fighter on May 26, 2017.
             Was a Believer of Cheibriados.
             Killed from afar by an orc wizard (13 damage)
             ... with a puff of frost
             ... on level 3 of the Dungeon.
             The game lasted 00:05:09 (2623 turns).

welfe the Shield-Bearer (Hill Orc Fighter)          Turns: 2623, Time: 00:05:10

Health: -9/47      AC:  7    Str: 24    XL:     5   Next: 48%
Magic:  5/5        EV:  5    Int: 12    God:    Cheibriados [**....]
Gold:   84         SH: 15    Dex: 14    Spells: 4/4 levels left

rFire    + . .     SeeInvis .   a - +0 rapier
rCold    . . .     Gourm    .   m - +0 large shield
rNeg     . . .     Faith    .   b - +0 scale mail
rPois    .         Spirit   .   (no helmet)
rElec    .         Reflect  .   (no cloak)
rCorr    .         Harm     .   (no gloves)
MR       +....                  (no boots)
Stlth    ..........             (no amulet)
Regen    0.2/turn               M - ring of protection from magic
MPRegen  0.1/turn               F - ring of protection from fire

@: lethally poisoned (-9 -> -14), very slow
A: no striking features
a: Bend Time, Renounce Religion, Convert to Beogh


You were on level 3 of the Dungeon.
You worshipped Cheibriados.
Cheibriados was pleased with you.
You were not hungry.

You visited 1 branch of the dungeon, and saw 3 of its levels.

You collected 84 gold pieces.

Inventory:

Hand Weapons
 a - a +0 rapier (weapon)
Missiles
 p - 11 tomahawks
 Q - 102 stones (quivered)
Armour
 b - a +0 scale mail (worn)
 c - a +0 shield
 m - a +0 large shield (worn)
Jewellery
 i - an uncursed ring of stealth {Stlth+}
 F - a ring of protection from fire (right hand)
 M - a ring of protection from magic (left hand)
Wands
 d - a wand of polymorph (3/24)
 D - a wand of digging (11/24)
Scrolls
 j - 4 scrolls of teleportation {unknown}
 k - 3 scrolls of identify {unknown}
 q - a scroll of remove curse {unknown}
Potions
 e - a potion of flight
 l - 3 potions of curing
 o - a potion of mutation {unknown}
 r - a potion of cancellation {unknown}
Comestibles
 f - 2 bread rations
 g - 10 chunks of flesh
 h - a royal jelly
 n - 5 fruits
 s - a meat ration


   Skills:
 + Level 4.4 Fighting
 + Level 3.0 Short Blades
 + Level 4.3 Armour
 - Level 0.1 Dodging
 - Level 0.3 Stealth
 + Level 4.5 Shields


You had 4 spell levels left.
You didn't know any spells.

Dungeon Overview and Level Annotations

Branches:
Dungeon (3/15)

Altars:
Cheibriados


Message History

You take 5 damage, and have 7/47 hp.
The orc priest shouts, "Surrender to Beogh and we'll let you live!"
You puncture the orc wizard!
* * * LOW HITPOINT WARNING * * *
You feel sick.
The orc priest shouts, "Beogh is our master!
Accept the truth or die!"
The orc priest looks encouraged for a moment.
The orc wizard barely misses you.
You miss the orc wizard.
* * * LOW HITPOINT WARNING * * *
You feel sick. You block the orc wizard's attack.
The orc priest looks braver for a moment.
The orc wizard casts a spell at you. The puff of flame hits you! You resist.
* * * LOW HITPOINT WARNING * * *
You take 3 damage, and have 4/47 hp.
You hit the orc wizard.
The orc wizard points at you and mumbles some strange words.
The puff of frost hits you!
You die...

...# #.##...... ##
#.#######. #.#.#.#
#.# #.# #. #.#.#?#.)#
#.# #.
#.#.#.#.#####.# #.
#o#.#..... ..# #.
#o#.#..# ### #.
#o#...# #. #@#..###
#.
#)#.....##########.
#.#.#.##............
#.#.#..#############.
#.#.#.#.# ##
#.#.#.#..# .......
..# ###### ####


You could see an orc priest, an orc wizard and an orc.

Vault maps used:
D:1:      mrwooster_arrival_arrow
D:2:      chequers_ecumenical_altar_grove, uniq_terence
D:3:      minivault_23

Notes
Turn   | Place    | Note
-------+----------+-------------------------------------------
     0 | D:1      | welfe the Hill Orc Fighter began the quest for the Orb.
     0 | D:1      | Reached XP level 1. HP: 19/19 MP: 1/1
   453 | D:1      | Reached XP level 2. HP: 26/27 MP: 2/2
   599 | D:1      | Identified a ring of stealth (You found it on level 1 of the Dungeon)
   651 | D:1      | Reached skill level 4 in Fighting
   815 | D:1      | Identified a ring of protection from fire (You found it on level 1 of the Dungeon)
  1102 | D:2      | Noticed Terence
  1113 | D:2      | Killed Terence
  1113 | D:2      | Reached skill level 4 in Shields
  1113 | D:2      | Reached XP level 3. HP: 33/33 MP: 3/3
  1387 | D:2      | Identified a +0 large shield (You found it on level 2 of the Dungeon)
  1519 | D:2      | Reached XP level 4. HP: 40/40 MP: 4/4
  1714 | D:2      | Identified a potion of flight
  1714 | D:2      | HP: 10/40 [poisoned by a goblin]
  1715 | D:2      | Identified a potion of curing
  1972 | D:2      | Reached skill level 4 in Armour
  2080 | D:2      | Found a faded altar of an unknown god.
  2083 | D:2      | Became a worshipper of Cheibriados the Contemplative
  2083 | D:2      | Reached * piety under Cheibriados
  2377 | D:3      | Reached XP level 5. HP: 37/46 MP: 5/5
  2392 | D:3      | Identified a ring of protection from magic (You found it on level 3 of the Dungeon)
  2521 | D:3      | Reached ** piety under Cheibriados
  2618 | D:3      | Reached skill level 3 in Short Blades
  2620 | D:3      | HP: 11/47 [poisoned by an orc priest]
  2622 | D:3      | HP: 4/47 [orc wizard/puff of flame (2)]
  2623 | D:3      | Killed from afar by an orc wizard

Table legend:
 A = Turns spent in this place as a percentage of turns spent in the entire game.
 B = Non-inter-level travel turns spent in this place as a percentage of non-inter-level travel turns spent in the entire game.
 C = Inter-level travel turns spent in this place as a percentage of turns spent in this place.
 D = Turns resting spent in this place as a percentage of non-inter-level travel turns spent in this place.
 E = Turns spent auto-exploring this place as a percentage of non-inter-level travel turns spent in this place.
 F = Non-inter-level travel turns spent in this place divided by the number of levels of this place that you've seen.
                   A       B       C       D       E      F
               +-------+-------+-------+-------+-------+----------------------
         Total | 100.0 | 100.0 |   0.1 |   4.5 |   8.4 | 246.0
       Dungeon | 100.0 | 100.0 |   0.1 |   4.5 |   8.4 | 246.0
               +-------+-------+-------+-------+-------+----------------------

Table legend:
 A = Kills in this place as a percentage of kills in entire the game.
 B = Kills by you in this place as a percentage of kills by you in the entire game.
 C = Kills by friends in this place as a percentage of kills by friends in the entire game.
 D = Other kills in this place as a percentage of other kills in the entire game.
 E = Experience gained in this place as a percentage of experience gained in the entire game.
 F = Experience gained in this place divided by the number of levels of this place that you have seen.
                   A       B       C       D       E      F
               +-------+-------+-------+-------+-------+----------------------
         Total | 100.0 | 100.0 |  -nan |  -nan | 100.0 |  79.7
       Dungeon | 100.0 | 100.0 |  -nan |  -nan | 100.0 |  79.7
               +-------+-------+-------+-------+-------+----------------------

Skill      XL: |  1  2  3  4  5 |
---------------+----------------+-----
Fighting       | 4 |  4.4
Shields        | 4 |  4.5
Armour         | 4 |  4.3
Short Blades   | 3 |  3.0
Dodging        | |  0.1
Stealth        | |  0.3

Action                   |  1- 3 |  4- 6 || total
-------------------------+-------+-------++-------
Melee: Rapier            |    95 |   168 ||   263
  Use: Potion            |     1 |     2 ||     3
  Eat: Chunk             |     2 |     3 ||     5
Armor: Scale mail        |    41 |    64 ||   105
Dodge: Dodged            |    18 |    23 ||    41
Block: Shield            |    41 |       ||    41
       Large shield      |     2 |   159 ||   161

Vanquished Creatures
  An orc priest (D:3)
  Terence (D:2)
  4 adders
  2 dart slugs (D:2)
  A leopard gecko (D:1)
  3 orcs (D:3)
  A ball python (D:2)
  9 bats
  13 goblins
  14 hobgoblins
  4 kobolds (D:1)
  4 quokkas
  2 frilled lizards
  5 rats
64 creatures vanquished.
